 Dungeon Crawl Stone Soup version 0.28-a0-828-g0121872642 (webtiles) character file.

Game seed: 18276276567512193010

1079 flotson the Ducker (level 8, -8/51 HPs)
             Began as a Tengu Delver on Nov 10, 2021.
             Mangled by a five-headed hydra (11 damage)
             ... on level 6 of the Dungeon.
             The game lasted 00:08:14 (5826 turns).

flotson the Ducker (Tengu Delver)                   Turns: 5826, Time: 00:08:15

Health: -8/51      AC:  7    Str: 15    XL:     8   Next: 29%
Magic:  0/9        EV: 16    Int: 10    God:
Gold:   208        SH:  0    Dex: 16    Spells: 7/7 levels left

rFire   + . .      SeeInvis .   b - +1 hand crossbow (freeze)
rCold   . . .      Faith    .   (no shield)
rNeg    . . .      Spirit   +   A - +1 ring mail {rF+}
rPois   .          Reflect  .   (helmet restricted)
rElec   .          Harm     .   (no cloak)
rCorr   .          Rampage  .   (no gloves)
Will    +....                   (boots unavailable)
Stlth   ++........              B - amulet of guardian spirit
HPRegen 0.17/turn               l - ring of willpower
MPRegen 0.11/turn               (no ring)

@: flying quickly and evasively, hasted, very quick
A: beak, talons 3, nimble flight
a: no special abilities


You were on level 6 of the Dungeon.
You visited 1 branch of the dungeon, and saw 6 of its levels.

You collected 208 gold pieces.

Inventory:

Hand Weapons
 a - a +0 war axe
 b - a +1 hand crossbow of freezing (weapon)
Missiles
 s - 64 poisoned darts
 u - 7 boomerangs
 w - 3 bolts (quivered ammo)
Armour
 v - the +2 robe of the Saviour {rCorr}
   (You found it on level 4 of the Dungeon)

   rCorr:     It protects you from acid and corrosion.
 A - a +1 ring mail of fire resistance (worn)
Jewellery
 l - a ring of willpower (left hand)
 B - an amulet of guardian spirit (around neck)
Wands
 g - a wand of digging (1)
 h - a wand of polymorph (7)
Scrolls
 c - a scroll of fog
 d - 4 scrolls of magic mapping
 e - 2 scrolls of fear
 k - 5 scrolls of identify {unknown}
 n - 2 scrolls of amnesia {unknown}
 q - 3 scrolls of teleportation {unknown}
 y - 2 scrolls of noise {unknown}
 C - a scroll of holy word {unknown}
Potions
 i - 3 potions of curing {unknown}
 j - a potion of lignification {unknown}
 m - a potion of degeneration {unknown}
 o - a potion of flight {unknown}
 p - a potion of mutation {unknown}
 r - 2 potions of might {unknown}
 t - a potion of attraction {unknown}
 x - a potion of brilliance {unknown}
 z - a potion of heal wounds {unknown}


   Skills:
 + Level 5.7 Fighting
 - Level 2.1 Axes
 + Level 3.9 Throwing
 + Level 5.2 Armour
 + Level 5.7 Dodging
 - Level 5.0 Stealth


You had 7 spell levels left.
You didn't know any spells.
Your spell library contained the following spells:

 Spells                   Type           Power      Damage    Failure   Level
 Slow                     Hex            0%         N/A       56%         1
 Sting                    Tmut/Pois      0%         1d3       56%         1
 Ensorcelled Hibernation  Hex/Ice        0%         N/A       71%         2
 Scorch                   Fire           0%         2d5       71%         2
 Sublimation of Blood     Necr           0%         N/A       71%         2
 Wereblood                Tmut           0%         N/A       71%         2
 Confusing Touch          Hex            0%         N/A       91%         3
 Portal Projectile        Hex/Tloc       0%         N/A       91%         3
 Spider Form              Tmut/Pois      0%         N/A       91%         3
 Flame Wave               Conj/Fire      0%         3d3       100%        4
 Blade Hands              Tmut           0%         N/A       100%        5
 Excruciating Wounds      Necr           0%         N/A       100%        5
 Summon Mana Viper        Hex/Summ       0%         N/A       100%        5
 Yara's Violent Unravell  Hex/Tmut       0%         3d3       100%        5
 Summon Cactus Giant      Summ           0%         N/A       100%        6
 Summon Hydra             Summ           0%         N/A       100%        7


Dungeon Overview and Level Annotations

Branches:
Dungeon (6/15)
 Temple: D:4-7

Altars:
Ashenzari
Elyvilon
Nemelex Xobeh
Okawaru
Qazlal

Shops:
D:1 :


Innate Abilities, Weirdness & Mutations

You have a beak for a mouth.
You have claws for feet.
Your magical nature lets you fly swiftly and evasively.


Message History

Fire: 3 bolts
Press: ? - help, Q - select action, (/) - cycle Shift-Dir - straight line, f/p - five-headed hydra
Aim: a five-headed hydra (heavily wounded, 82% to hit)
You shoot a bolt. The bolt hits the five-headed hydra.
The bolt freezes the five-headed hydra.
The five-headed hydra is heavily wounded.
You feel yourself speed up. The five-headed hydra bites you.
The five-headed hydra misses you.
The five-headed hydra closely misses you.
The five-headed hydra misses you. The five-headed hydra bites you.
Unknown command.
Okay, then.
Unknown command.
Okay, then.
Unknown command.
The five-headed hydra bites you! The five-headed hydra misses you.
The five-headed hydra bites you! x3
* * * LOW HITPOINT WARNING * * *
You see here a bolt.
There is an open door, spattered with blood here.
You see here a bolt.
w - 3 bolts (gained 1)
You see here a bolt.
w - 4 bolts (gained 1) Fire: 4 bolts
Press: ? - help, Q - select action, (/) - cycle Shift-Dir - straight line, f/p - five-headed hydra
Aim: a five-headed hydra (moderately wounded, 82% to hit)
You shoot a bolt. The bolt hits the five-headed hydra.
The five-headed hydra seems to slow down.
The bolt freezes the five-headed hydra.
The five-headed hydra is moderately wounded.
The five-headed hydra is no longer moving slowly.
The five-headed hydra barely misses you.
The five-headed hydra bites you!
* * * LOW HITPOINT WARNING * * *
The five-headed hydra bites you!
* * * LOW HITPOINT WARNING * * *
The five-headed hydra bites you but does no damage.
The five-headed hydra bites you!
You die...

#.# #.# #.# #.# ##'## #.#
##...## #.#
##.....######.#####
##.......##...(....#
#.........#.##...#.####...
'........('......D........
#.........#.##..@#.#####.#
##.......##........#
###.....########.###
.###...## #.# .# ##+## #.#
.# #.# #.# .# #.# #.# .#
##.## #.# .###...###### #.


You could see a five-headed hydra.

Vanquished Creatures
  Grinder (D:4)
  Eustachio (D:4)
  A black bear (D:5)
  A sky beast (D:4)
  An ogre (D:5)
  A kobold brigand (D:6)
  A hound (D:4)
  2 centaur skeletons
  A bullfrog skeleton (D:4)
  An orc priest (D:5)
  A jelly (D:4)
  3 iguanas
  9 adders
  A white imp (D:6)
  2 orcs (D:5)
  7 endoplasms
  2 giant cockroaches (D:2)
  5 goblins
  3 hobgoblins
  6 kobolds
  2 quokkas
  11 ball pythons
  13 bats
  4 frilled lizards
  3 rats
83 creatures vanquished.

Vanquished Creatures (others)
  A fungus (D:6)
1 creature vanquished.

Grand Total: 84 creatures vanquished

Notes
Turn   | Place    | Note
-------+----------+-------------------------------------------
     0 | D:5      | flotson the Tengu Delver began the quest for the Orb.
     0 | D:5      | Reached XP level 1. HP: 14/14 MP: 2/2
    26 | D:5      | Got the Grimoire of Virous Beguiling
    68 | D:4      | Noticed Eustachio
   138 | D:5      | Noticed a black bear
   158 | D:5      | Noticed an ogre
   160 | D:5      | Noticed a sky beast
   506 | D:2      | Reached XP level 2. HP: 19/19 MP: 3/3
   563 | D:2      | Reached skill level 1 in Armour
   913 | D:1      | Found Boerphel's Book Shoppe.
  1246 | D:1      | Reached XP level 3. HP: 23/23 MP: 4/4
  1557 | D:2      | Found a white marble altar of Elyvilon.
  1977 | D:2      | Reached XP level 4. HP: 27/28 MP: 5/5
  2848 | D:3      | Found a sparkling altar of Nemelex Xobeh.
  2970 | D:3      | Gained mutation: Your magical nature lets you fly swiftly
                  | and evasively. [Tengu growth]
  2970 | D:3      | Reached XP level 5. HP: 32/33 MP: 6/6
  3142 | D:4      | Identified the +2 robe of the Saviour {rCorr}
  3198 | D:4      | Reached skill level 1 in Throwing
  3303 | D:4      | Killed a sky beast
  3304 | D:4      | Reached XP level 6. HP: 39/39 MP: 7/7
  3403 | D:4      | Noticed Grinder
  3415 | D:4      | Killed Grinder
  3416 | D:4      | Reached XP level 7. HP: 44/44 MP: 8/8
  3559 | D:4      | Killed Eustachio
  3560 | D:4      | Reached skill level 5 in Fighting
  3751 | D:4      | Found a stormy altar of Qazlal.
  3762 | D:4      | Reached skill level 5 in Dodging
  4461 | D:5      | Found a broken altar of Ashenzari.
  4556 | D:5      | Reached XP level 8. HP: 49/49 MP: 9/9
  4784 | D:5      | Reached skill level 5 in Armour
  5057 | D:5      | Found an iron altar of Okawaru.
  5794 | D:6      | Noticed a five-headed hydra
  5826 | D:6      | Mangled by a five-headed hydra

Illustrated notes

Levels and vault maps discovered:
D:1:      dpeg_arrival_rooms_with_view, layout_loops_ring, serial_shops,
          shop_statue, serial_bayou_pond_a
D:2:      layout_loops_corners, basic_altar, dk_noncrumbling_3,
          minmay_snake_closets
D:3:      layout_rooms, general_overflow_altar, roderic_batcave
D:4:      layout_basic, nicolae_overflow_crystal_walls, serial_rivers,
          chequers_serial_rivers_large_a, chequers_serial_rivers_room_a,
          chequers_serial_rivers_large_b, chequers_serial_rivers_small_a,
          chequers_serial_rivers_micro_a, feat_on_display, uniq_eustachio,
          uniq_grinder
D:5:      layout_layer_cave, mainiacjoe_overflow_cross_hatched,
          kennysheep_little_box, due_unseen_surprise
D:6:      layout_loops_corners, minmay_temple_entry_enclosed_plants,
          uniq_crazy_yiuf_cottage

Skill      XL: |  1  2  3  4  5  6  7  8 |
---------------+-------------------------+-----
Armour         | 1 2 3 4 5 |  5.2
Dodging        | 3 4 5 |  5.7
Fighting       | 4 5 |  5.7
Throwing       | 1 2 3 |  3.9
Axes           | |  2.1
Stealth        | |  5.0

Action                   |  1- 3 |  4- 6 |  7- 9 || total
-------------------------+-------+-------+-------++-------
Melee: Hand axe          |    64 |    84 |    19 ||   167
       Peck              |    10 |    16 |     9 ||    35
       Kick              |    14 |    20 |    17 ||    51
       War axe           |       |       |    20 ||    20
 Fire: Hand crossbow     |       |     7 |    34 ||    41
Throw: Dart              |       |     3 |       ||     3
Evoke: Wand              |     2 |       |       ||     2
  Use: Scroll            |     2 |       |       ||     2
       Potion            |       |       |     1 ||     1
 Stab: Sleeping          |    10 |     4 |     2 ||    16
Armor: Ring mail         |    20 |    37 |     7 ||    64
       Robe              |       |     3 |    11 ||    14
Dodge: Dodged            |    27 |    85 |    51 ||   163

Table legend: (Time is in decaauts)
 A = Elapsed time spent in this place.
 B = Non-inter-level travel time spent in this place.
 C = Inter-level travel time spent in this place.
 D = Time resting spent in this place.
 E = Time spent auto-exploring this place.
 F = Levels seen in this place.
 G = Mean time per level.
                   A        B        C        D        E       F      G
               +--------+--------+--------+--------+--------+-----+--------+
         Total |   5684 |   5477 |    207 |    226 |   4452 |   6 |  947.3 |
       Dungeon |   5684 |   5477 |    207 |    226 |   4452 |   6 |  947.3 |
               +--------+--------+--------+--------+--------+-----+--------+

Top non-repeatable levels by time:
     D:2: 1427 daAuts
     D:5: 1372 daAuts
     D:4: 1044 daAuts
     D:1: 835 daAuts
     D:3: 560 daAuts
     D:6: 444 daAuts
